 Dungeon Crawl Stone Soup version 0.25-a0-975-gcae8493d64 (webtiles) character file.

Game seed: 5820790230653847531, levelgen mode: deterministic

232557 Flugslaktarn the Brawler (level 18, -7/193 HPs)
             Began as a Troll Fighter on May 10, 2020.
             Was the Champion of Ru.
             Killed from afar by an acid blob (15 damage)
             ... with a splash of acid
             ... on level 5 of the Pits of Slime.
             The game lasted 00:25:51 (30092 turns).

Flugslaktarn the Brawler (Troll Fighter)           Turns: 30092, Time: 00:25:52

Health: -7/193     AC: -10   Str: 29    XL:     18   Next: 39%
Magic:  4/17       EV: 20    Int:  5    God:    Ru [******]
Gold:   1032       SH: 27    Dex: 10    Spells: 17/17 levels left

rFire    + . .     SeeInvis .     - Unarmed
rCold    + . .     Gourm    +   u - +8 tower shield
rNeg     + . .     Faith    .   N - +2 robe {MR+}
rPois    .         Spirit   .   a - +1 hat {Int+3}
rElec    +         Reflect  .   z - +0 cloak "Wuhoothro" {rElec}
rCorr    .         Harm     .   (gloves unavailable)
MR       ++...                  (boots unavailable)
Stlth    ..........             p - amulet of the acrobat
HPRegen  0.82/turn              w - ring "Roorreve" {+Fly rF+ rC+ rN+ Dex-5}
MPRegen  0.15/turn              J - ring of Phasing {EV+8}

@: mighty, exhausted, corroded, drained
A: large, unfitting armour, claws 3, blink, dopey 1, fast metabolism 3,
gourmand, regeneration 1, shaggy fur 1, tough skin 3, no potion heal 1, no
stealth, hated by all, no fire magic, no hexes magic, no summoning magic,
unskilled 1, inexperienced 1
}: 2/15 runes: serpentine, barnacled
a: Blink, Draw Out Power, Power Leap, Apocalypse, Renounce Religion, Evoke
Flight


You were on level 5 of the Pits of Slime.
You worshipped Ru.
Ru was exalted by your worship.
You were not hungry.

You visited 8 branches of the dungeon, and saw 38 of its levels.

You collected 3119 gold pieces.
You spent 2087 gold pieces at shops.

Inventory:

Missiles
 A - 4 throwing nets (quivered)
Armour
 a - a +1 hat of intelligence (worn)
   (You acquired it on level 1 of the Vaults)
 b - a +1 kite shield
 u - a +8 tower shield (worn)
   (You found it on level 8 of the Dungeon)
 z - the +0 cloak "Wuhoothro" (worn) {rElec}
   (You bought it in a shop on level 2 of the Orcish Mines)

   It insulates you from electricity.
 E - a +0 troll leather armour
   (You found it on level 10 of the Dungeon)
 N - a +2 robe of magic resistance (worn)
   (You took it off a naga ritualist on level 4 of the Snake Pit)
Jewellery
 i - an uncursed ring of see invisible
   (You found it on level 3 of the Dungeon)
 o - an uncursed ring of poison resistance
   (You bought it in a shop on level 2 of the Orcish Mines)
 p - an amulet of the acrobat (around neck)
   (You found it on level 4 of the Dungeon)
 v - a +6 ring of evasion
   (You bought it in a shop on level 4 of the Shoals)
 w - the ring "Roorreve" (left claw) {+Fly rF+ rC+ rN+ Dex-5}
   (You found it on level 4 of the Shoals)

   [ring of flight]

   It affects your dexterity (-5).
   It protects you from fire.
   It protects you from cold.
   It protects you from negative energy.
   It lets you fly.
 H - the ring "Daxtiru" {Ice +Inv Int+2}
   (You found it on level 5 of the Lair of Beasts)

   [ring of ice]

   It enhances your ice magic.
   It affects your intelligence (+2).
   It makes you vulnerable to fire.
   It protects you from cold.
   It lets you turn invisible.
 J - the ring of Phasing (right claw) {EV+8}
   (You found it on level 3 of the Lair of Beasts)

   [ring of evasion]

   It affects your evasion (+8).
Wands
 k - a wand of acid (9)
   (You found it on level 9 of the Dungeon)
 y - a wand of enslavement (10)
   (You found it on level 9 of the Dungeon)
 I - a wand of iceblast (34)
   (You found it on level 8 of the Dungeon)
 L - a wand of clouds (5)
   (You found it on level 12 of the Dungeon)
 Q - a wand of digging (13)
   (You found it on level 10 of the Dungeon)
Scrolls
 r - 5 scrolls of identify
 s - 4 scrolls of magic mapping
 t - 2 scrolls of teleportation
 x - 6 scrolls of remove curse
 C - a scroll of silence
 D - a scroll of holy word
 K - a scroll of fog
Potions
 c - 3 potions of cancellation
 d - 3 potions of might
 f - 5 potions of magic
 g - a potion of mutation
 h - 2 potions of haste
 j - a potion of ambrosia
 l - 5 potions of lignification
 m - 3 potions of berserk rage
 n - a potion of resistance
 q - 8 potions of curing
 B - a potion of flight
 F - a potion of invisibility
 G - 3 potions of brilliance
Comestibles
 e - 43 rations


   Skills:
 * Level 15.2(14.1) Fighting
 + Level 11.3(10.3) Dodging
 + Level 11.2(10.2) Shields
 * Level 17.5(16.4) Unarmed Combat


You had 17 spell levels left.
You didn't know any spells.
Your spell library was empty.

Dungeon Overview and Level Annotations

Branches:
Dungeon (15/15)            Temple (1/1) D:6            Lair (6/6) D:9
 Shoals (4/4) Lair:3        Snake (4/4) Lair:4        Slime (5/5) Lair:5
    Orc (2/2) D:11            Elf (0/3) Orc:2        Vaults (1/5) D:13
 Depths (0/5) D:15

Altars:
Ashenzari
Cheibriados
Dithmenos
Elyvilon
Fedhas
Gozag
Hepliaklqana
Kikubaaqudgha
Makhleb
Nemelex Xobeh
Okawaru
Qazlal
Ru
Trog
Uskayaw
Vehumet
Wu Jian
Xom
Yredelemnul
Zin
The Shining One
Beogh
Jiyva

Shops:
D:9 :   Orc:2 [(%=   Shoals:4 =   Snake:4 }=}

Portals:
Abyss: Snake:2

Annotations:
D:7 1 exclusion, Blork the orc
Lair:4 4 runed translucent doors, Cobof's ghost, journeyman OpVM; Havah's ghost, journeyman OpVM
Lair:5 1 runed translucent door, Seod's ghost, journeyman FoAK
Shoals:2 Ilsuiw
Snake:2 2 transporters, Fyemash's ghost, adept DsBe
Slime:5 Royal Jelly


Innate Abilities, Weirdness & Mutations

You are too large for most types of armour.
You have claws for hands.
Your metabolism is lightning-fast.
You like to eat raw meat.
Your natural rate of healing is unusually fast.
You are covered in fur. (AC +1)
You have extremely tough skin. (AC +3)
Potions are less effective at restoring your health.
You cannot be stealthy.
You are hated by all.
You cannot study or cast Fire magic.
You cannot study or cast Hexes magic.
You cannot study or cast Summoning magic.
You are somewhat unskilled. (-1 Apt)
You are somewhat inexperienced. (-2 XL)
You can translocate small distances at will.
You are dopey. (Int -2)


Message History

The acid blob spits acid at you. The splash of acid hits you!
* * * LOW HITPOINT WARNING * * *
The acid corrodes you!
You are splashed with acid!
* * * LOW HITPOINT WARNING * * *
You focus your will and illuminate the acid blob in retribution!
An eye of devastation comes into view.
The eye of devastation turns its gaze towards you.
The eye of devastation gazes at you. The bolt of energy misses you.
The acid blob spits acid at you. The splash of acid hits you!
* * * LOW HITPOINT WARNING * * *
The acid corrodes you!
You are splashed with acid!
* * * LOW HITPOINT WARNING * * *
There is a stone staircase leading up here.
The eye of devastation begins to attack, but is stunned by your will!
The acid blob spits acid at you. The splash of acid hits you!
You die...

.....................
........................
.........J..............
..........J.............
........................
.G.....J................
.........J.............#
......................##
.......@........##...##
...............## #..#
##............## ###
##....#.....##
#####....### ######


You could see an acid blob (corona), 3 slime creatures and an eye of
devastation.

Vanquished Creatures
  Saint Roka (Orc:2)
  Rupert (D:13)
  7 acid blobs
  A kraken (Shoals:4)
  12 azure jellies
  4 nagarajas (Snake:4)
  A vault warden (Vaults:1)
  A frost giant (Shoals:4)
  An ironheart preserver (D:13)
  Nessos (Lair:5)
  2 dire elephants
  An ettin (Orc:2)
  Snorg (Orc:2)
  4 merfolk javelineers
  3 death oozes (Slime:5)
  6 great orbs of eyes
  6 merfolk impalers
  13 naga warriors
  A vault guard (Vaults:1)
  6 hydras
  An ice dragon (Vaults:1)
  3 merfolk avatars
  A catoblepas (Lair:6)
  3 anacondas
  2 merfolk aquamancers
  2 alligator snapping turtles (Shoals:4)
  A death knight (D:13)
  A tengu warrior (D:15)
  3 satyrs
  4 two-headed ogres
  16 naga sharpshooters
  7 death yaks
  5 shock serpents
  Sonja (Lair:5)
  4 skeletal warriors (D:13)
  5 salamander mystics
  An unseen horror (D:14)
  7 sea snakes
  3 orc knights (Orc:2)
  6 naga ritualists (Snake:4)
  3 mana vipers
  3 deep elf magi
  7 cyclopes
  18 harpies
  2 orc sorcerers (Orc:2)
  10 ugly things (Vaults:1)
  17 fauns
  2 shining eyes (Slime:5)
  10 salamanders
  11 elephants
  15 manticores
  A vault sentinel (Vaults:1)
  3 water nymphs (Shoals:4)
  2 guardian serpents (Snake:4)
  13 merfolk sirens
  23 black mambas
  3 centaur zombies
  2 gargoyles (D:11)
  18 naga magi
  7 spiny frogs
  5 komodo dragons
  A yaktaur (Vaults:1)
  5 rime drakes
  13 trolls
  A harpy zombie (D:14)
  28 merfolk
  6 polar bears
  Prince Ribbit (D:8)
  42 slime creatures
  3 wind drakes (Shoals:4)
  3 hornets
  10 hippogriffs
  A dream sheep (Lair:3)
  10 snapping turtles
  16 blink frogs
  4 water elementals
  3 wraiths
  7 wyverns
  35 yaks
  A human (D:7)
  A basilisk (Lair:4)
  3 hogs (D:7)
  3 hungry ghosts
  7 vampire mosquitoes
  2 steam dragons
  Edmund (D:5)
  40 nagas
  A soldier ant (D:11)
  A warg (Orc:2)
  10 water moccasins
  2 acid dragons
  9 porcupines
  37 orc warriors
  7 ice beasts
  3 black bears
  2 eyes of draining
  4 phantoms
  6 sky beasts
  A necrophage (D:8)
  4 boggarts (Vaults:1)
  18 centaurs
  11 ogres
  2 wolves (Lair:1)
  8 crocodiles
  3 big kobolds
  A gnoll sergeant (D:10)
  20 bullfrogs
  A wyvern skeleton (D:13)
  3 scorpions
  9 wights
  15 killer bees
  A howler monkey (D:6)
  3 electric eels
  10 crimson imps
  5 bullfrog zombies
  A quasit (D:10)
  6 jellies
  3 centaur skeletons
  7 hounds
  16 orc priests
  34 orc wizards
  3 bullfrog skeletons
  9 iguanas
  12 worker ants
  A hell rat (D:9)
  A hound zombie (D:10)
  A hound skeleton (D:8)
  3 worker ant zombies
  5 gnolls (D:10)
  20 adders
  10 shadow imps
  3 oozes
  An adder skeleton (D:7)
  A worm (D:2)
  7 leopard geckos
  103 orcs
  A bat zombie (D:1)
  7 giant cockroaches
  7 goblins
  7 hobgoblins
  5 jackals
  4 quokkas
  9 bats
  2 frilled lizards
  A giant cockroach zombie (D:1)
  28 kobolds
  4 rats
  A bush (Lair:6)
  3 fungi
  32 plants
  A tentacle (Shoals:4)
1127 creatures vanquished.

Vanquished Creatures (others)
  An acid blob (Slime:5)
  A nagaraja (Snake:4)
  An ironheart preserver (Vaults:1)
  A merfolk javelineer (Shoals:4)
  A merfolk impaler (Shoals:3)
  A hydra (Lair:1)
  A naga warrior (Snake:4)
  An anaconda (Snake:1)
  An orc high priest (Orc:2)
  A merfolk aquamancer (Shoals:4)
  A harpy (Shoals:1)
  2 manticores
  A centaur zombie (D:14)
  A merfolk (D:15)
  3 slime creatures
  A naga (Snake:4)
  A water moccasin (Lair:6)
  A crocodile (Lair:3)
  A bullfrog skeleton (D:11)
  2 orc priests
  An orc wizard (Orc:2)
  An adder skeleton (D:8)
  5 orcs
  5 fungi
  22 plants
  4 tentacles (Shoals:4)
  6 toadstools (D:13)
  5 withered plants (Lair:4)
73 creatures vanquished.

Grand Total: 1200 creatures vanquished

Notes
Turn   | Place    | Note
-------+----------+-------------------------------------------
     0 | D:1      | Flugslaktarn the Troll Fighter began the quest for the Orb.
     0 | D:1      | Reached XP level 1. HP: 22/22 MP: 0/0
   316 | D:1      | Reached XP level 2. HP: 24/29 MP: 1/1
  1358 | D:2      | Reached XP level 3. HP: 30/36 MP: 2/2
  1572 | D:2      | Reached XP level 4. HP: 36/45 MP: 3/3
  1959 | D:2      | Found a hide-covered altar of Uskayaw.
  1962 | D:2      | Noticed a +0 dagger
  1986 | D:2      | Reached skill level 3 in Unarmed Combat
  2003 | D:2      | Noticed a +0 dagger
  2186 | D:3      | Found a burning altar of Makhleb.
  2487 | D:3      | Reached XP level 5. HP: 26/53 MP: 4/4
  2891 | D:4      | Noticed a phantom
  2934 | D:4      | Killed a phantom
  2934 | D:4      | Reached skill level 4 in Unarmed Combat
  2934 | D:4      | Reached XP level 6. HP: 62/62 MP: 5/5
  2987 | D:4      | Found a shattered altar of Ashenzari.
  3317 | D:5      | Entered Level 5 of the Dungeon
  3607 | D:5      | Reached XP level 7. HP: 48/71 MP: 6/6
  3732 | D:5      | Noticed Edmund
  3761 | D:5      | Killed Edmund
  3761 | D:5      | Reached skill level 5 in Unarmed Combat
  4284 | D:6      | Found a staircase to the Ecumenical Temple.
  4299 | Temple   | Entered the Ecumenical Temple
  4388 | Temple   | Became a worshipper of Ru the Awakened
  4554 | D:6      | Reached skill level 5 in Fighting
  4796 | D:6      | HP: 2/72 [adder skeleton (2)]
  4993 | D:6      | HP: 2/72 [electric eel/bolt of electricity (13)]
  4997 | D:6      | Reached XP level 8. HP: 4/80 MP: 7/7
  5419 | D:6      | Reached skill level 6 in Unarmed Combat
  5910 | D:7      | Found an opulent altar of Gozag.
  6047 | D:7      | Reached skill level 7 in Unarmed Combat
  6103 | D:7      | Reached XP level 9. HP: 82/89 MP: 8/8
  6141 | D:7      | Gained mutation: You are somewhat unskilled. (-1 Apt) [Ru
                  | sacrifice]
  6141 | D:7      | Reduced skill Fighting to level 5
  6141 | D:7      | Reduced skill Unarmed Combat to level 6
  6141 | D:7      | Reached * piety under Ru
  6141 | D:7      | Reached ** piety under Ru
  6197 | D:7      | Reached skill level 7 in Unarmed Combat
  6428 | D:7      | Noticed Blork the orc
  6550 | D:8      | Found a radiant altar of Vehumet.
  7184 | D:8      | Noticed Prince Ribbit
  7209 | D:8      | Killed Prince Ribbit
  7209 | D:8      | Reached skill level 5 in Dodging
  7209 | D:8      | Reached skill level 5 in Shields
  7209 | D:8      | Reached XP level 10. HP: 97/100 MP: 9/9
  7488 | D:9      | Reached skill level 8 in Unarmed Combat
  7709 | D:9      | Found Esisuebb's Book Emporium.
  7716 | D:9      | Found a shadowy altar of Dithmenos.
  7848 | D:9      | Noticed a death yak
  7849 | D:9      | Noticed a death yak
  7861 | D:9      | Noticed a death yak
  7863 | D:9      | Killed a death yak
  7872 | D:9      | Killed a death yak
  7878 | D:9      | Killed a death yak
  8050 | D:9      | Found a staircase to the Lair.
  8055 | D:9      | Reached skill level 9 in Unarmed Combat
  8535 | D:9      | Gained mutation: You are somewhat inexperienced. (-2 XL)
                  | [Ru sacrifice]
  8535 | D:9      | Reached XP level 9. HP: 96/96 MP: 8/8
  8535 | D:9      | Reached XP level 8. HP: 88/88 MP: 7/7
  8535 | D:9      | Reached *** piety under Ru
  8535 | D:9      | Reached **** piety under Ru
  8737 | D:10     | Entered Level 10 of the Dungeon
  8744 | D:10     | Reached XP level 9. HP: 92/96 MP: 8/8
  8792 | D:10     | Found a bloodstained altar of Trog.
  9253 | D:10     | Reached XP level 10. HP: 104/104 MP: 9/9
  9822 | D:11     | Noticed a gargoyle
  9833 | D:11     | Noticed a gargoyle
  9860 | D:11     | Found a staircase to the Orcish Mines.
 10062 | D:11     | Noticed a two-headed ogre
 10071 | D:11     | Killed a two-headed ogre
 10071 | D:11     | Reached skill level 10 in Unarmed Combat
 10360 | D:11     | Killed a gargoyle
 10429 | D:11     | Killed a gargoyle
 10429 | D:11     | Reached XP level 11. HP: 109/113 MP: 10/10
 10550 | D:11     | Gained mutation: Potions are less effective at restoring
                  | your health. [Ru sacrifice]
 11003 | Lair:1   | Entered Level 1 of the Lair of Beasts
 11228 | Lair:1   | Noticed a five-headed hydra
 11238 | Lair:1   | Killed an eight-headed hydra
 11341 | Lair:1   | Reached skill level 11 in Unarmed Combat
 12700 | Lair:3   | Reached XP level 12. HP: 126/126 MP: 11/11
 12911 | Lair:3   | Gained mutation: You cannot be stealthy. [Ru sacrifice]
 12911 | Lair:3   | Reached ***** piety under Ru
 12919 | Lair:3   | Noticed a five-headed hydra
 12928 | Lair:3   | Killed a nine-headed hydra
 12958 | Lair:3   | Reached skill level 10 in Fighting
 13027 | Lair:3   | Found the ring of Phasing {EV+8}
 13076 | Lair:3   | Noticed a four-headed hydra
 13088 | Lair:3   | Killed an 11-headed hydra
 13457 | Lair:3   | Found a staircase to the Shoals.
 14044 | Lair:4   | Found a runed translucent gate.
 14045 | Lair:4   | Found a runed translucent gate.
 14046 | Lair:4   | Found a runed translucent gate.
 14047 | Lair:4   | Noticed Cobof's ghost (journeyman OpVM)
 14048 | Lair:4   | Noticed Havah's ghost (journeyman OpVM)
 14059 | Lair:4   | Found a staircase to the Snake Pit.
 14101 | Lair:4   | Found a runed translucent door.
 14171 | Lair:5   | Reached skill level 12 in Unarmed Combat
 14511 | Lair:5   | Noticed a four-headed hydra
 14526 | Lair:5   | Killed a 12-headed hydra
 14705 | Lair:5   | Reached XP level 13. HP: 126/135 MP: 12/12
 14710 | Lair:5   | Found a staircase to the Slime Pits.
 14788 | Lair:5   | Noticed Nessos
 14797 | Lair:5   | Killed Nessos
 14893 | Lair:5   | Got a fine amber ring
 14895 | Lair:5   | Noticed Sonja
 14896 | Lair:5   | Gained mutation: You cannot study or cast Fire magic. [Ru
                  | sacrifice]
 14896 | Lair:5   | Gained mutation: You cannot study or cast Hexes magic. [Ru
                  | sacrifice]
 14896 | Lair:5   | Gained mutation: You cannot study or cast Summoning magic.
                  | [Ru sacrifice]
 14904 | Lair:5   | Killed Sonja
 14961 | Lair:5   | Found a runed translucent door.
 14961 | Lair:5   | Identified the +7 spear "Wocuepp" {venom, rF+ Str+3}
 14964 | Lair:5   | Noticed Seod's ghost (journeyman FoAK)
 15297 | Lair:5   | Identified the ring "Daxtiru" {Ice +Inv Int+2} (You found
                  | it on level 5 of the Lair of Beasts)
 15317 | Lair:6   | Entered Level 6 of the Lair of Beasts
 15716 | Lair:6   | Noticed a dire elephant
 15766 | Lair:6   | Killed a dire elephant
 16084 | Lair:6   | Reached skill level 13 in Unarmed Combat
 16561 | Orc:1    | Entered Level 1 of the Orcish Mines
 16822 | Orc:2    | Entered Level 2 of the Orcish Mines
 16822 | Orc:2    | Found a roughly hewn altar of Beogh.
 16847 | Orc:2    | Noticed an ettin
 16857 | Orc:2    | Killed an ettin
 16858 | Orc:2    | Gained mutation: You are hated by all. [Ru sacrifice]
 16858 | Orc:2    | Reached ****** piety under Ru
 16868 | Orc:2    | Noticed Snorg
 16882 | Orc:2    | Killed Snorg
 16928 | Orc:2    | Found a roughly hewn altar of Beogh.
 17029 | Orc:2    | Found Cisoim's Food Shop.
 17258 | Orc:2    | Noticed Saint Roka
 17263 | Orc:2    | Reached XP level 14. HP: 87/146 MP: 13/13
 17296 | Orc:2    | Found a roughly hewn altar of Beogh.
 17296 | Orc:2    | Found a staircase to the Elven Halls.
 17313 | Orc:2    | Found Xuetemeti's Jewellery Boutique.
 17319 | Orc:2    | Bought an uncursed ring of poison resistance for 320 gold
                  | pieces
 17482 | Orc:2    | Found a roughly hewn altar of Beogh.
 17689 | Orc:2    | Killed Saint Roka
 17865 | Orc:2    | Found Juodept's Antique Weapon Shoppe.
 17867 | Orc:2    | Found Dac Ubum's Antique Armour Emporium.
 17867 | Orc:2    | Found a roughly hewn altar of Beogh.
 17884 | Orc:2    | Bought a twisted cloak for 285 gold pieces
 17889 | Orc:2    | Identified the +0 cloak "Wuhoothro" {rElec} (You bought it
                  | in a shop on level 2 of the Orcish Mines)
 19378 | D:13     | Noticed Rupert
 19391 | D:13     | Killed Rupert
 19391 | D:13     | Reached skill level 14 in Unarmed Combat
 19624 | D:13     | Found a gate to the Vaults.
 19624 | D:13     | Noticed an ironheart preserver
 19648 | D:13     | Killed an ironheart preserver
 20228 | D:14     | You fall into a shaft and drop 1 floor!
 20228 | D:15     | Entered Level 15 of the Dungeon
 20322 | D:14     | Reached XP level 15. HP: 141/158 MP: 14/14
 21227 | D:15     | Found a staircase to the Depths.
 21558 | Snake:1  | Entered Level 1 of the Snake Pit
 22317 | Snake:2  | Found a transporter.
 22343 | Snake:2  | Noticed a daeva
 22343 | Snake:2  | Identified the +1 morningstar "Jilamosu" {distort, Fragile
                  | MR++ Dex+5}
 22343 | Snake:2  | Noticed a nagaraja
 22346 | Snake:2  | Noticed a tentacled starspawn
 22347 | Snake:2  | Noticed Fyemash's ghost (adept DsBe)
 22350 | Snake:2  | Found a one-way gate to the infinite horrors of the Abyss.
 22351 | Snake:2  | Found a transporter.
 22763 | Snake:3  | Reached skill level 15 in Unarmed Combat
 22795 | Snake:4  | Entered Level 4 of the Snake Pit
 23052 | Snake:4  | Noticed a nagaraja
 23086 | Snake:4  | Killed a nagaraja
 23086 | Snake:4  | Reached XP level 16. HP: 40/170 MP: 5/15
 23333 | Snake:4  | HP: 4/170 [rock wall collision (15)]
 23338 | Snake:4  | HP: 7/170 [poisoned by a naga sharpshooter (splash of
                  | poison)]
 23343 | Snake:4  | HP: 8/170 [poisoned by a naga sharpshooter (splash of
                  | poison)]
 23773 | Snake:4  | Reached skill level 10 in Dodging
 24010 | Snake:4  | Reached skill level 10 in Shields
 24363 | Snake:4  | Found Quetena's Gadget Shop.
 24363 | Snake:4  | Found Inax's Jewellery Emporium.
 24364 | Snake:4  | Found Ygoufuch's Gadget Shop.
 24733 | Snake:4  | Got a serpentine rune of Zot
 25059 | Shoals:1 | Entered Level 1 of the Shoals
 25129 | Shoals:1 | Reached skill level 16 in Unarmed Combat
 25629 | Shoals:2 | Reached XP level 17. HP: 132/180 MP: 8/16
 25919 | Shoals:4 | Entered Level 4 of the Shoals
 26082 | Shoals:4 | Got a smoking golden ring
 26083 | Shoals:4 | Identified the ring "Roorreve" {+Fly rF+ rC+ rN+ Dex-5}
                  | (You found it on level 4 of the Shoals)
 26573 | Shoals:4 | Found Muisop's Jewellery Shop.
 27654 | Shoals:4 | Bought a +6 ring of evasion for 1482 gold pieces
 27708 | Shoals:4 | Noticed a kraken
 27722 | Shoals:4 | Killed a kraken
 27923 | Shoals:4 | Got a barnacled rune of Zot
 27991 | Shoals:2 | Noticed Ilsuiw
 28183 | Vaults:1 | Entered Level 1 of the Vaults
 28207 | Vaults:1 | Identified a scroll of acquirement
 28256 | Vaults:1 | Reached skill level 17 in Unarmed Combat
 28579 | Slime:1  | Entered Level 1 of the Pits of Slime
 28595 | Slime:1  | Noticed an acid blob
 28613 | Slime:1  | Killed an acid blob
 28842 | Slime:2  | Reached XP level 18. HP: 104/192 MP: 9/17
 28871 | Slime:2  | Reached skill level 15 in Fighting
 29041 | Slime:5  | Entered Level 5 of the Pits of Slime
 29055 | Slime:5  | Gained mutation: Your magical capacity is low. (-10% MP) [a
                  | shining eye]
 29057 | Slime:5  | Gained mutation: You are dopey. (Int -2) [a shining eye]
 29647 | Slime:5  | Lost mutation: Your magical capacity is low. (-10% MP) [a
                  | shining eye]
 29649 | Slime:5  | Gained mutation: You can translocate small distances at
                  | will. [a shining eye]
 30040 | Slime:5  | Noticed the Royal Jelly
 30041 | Slime:5  | Found a viscous altar of Jiyva.
 30090 | Slime:5  | HP: 7/193 [acid (10)]
 30092 | Slime:5  | Killed from afar by an acid blob

Illustrated notes

Levels and vault maps discovered:
D:1:      saegor_arrival_fortress, layout_basic, serial_forest,
          infiniplex_forest_clump_tiny, infiniplex_forest_clump_small,
          infiniplex_forest_clump_C, infiniplex_forest_clump_long,
          infiniplex_forest_corner_1, infiniplex_forest_side_room
D:2:      layout_basic, dancing_weapons_uskayaw
D:3:      layout_rooms, bloody_makhleb
D:4:      layout_rooms, cheibrodos_ashenzari_chains, first_ration
D:5:      kennysheep_kobold_camp, layout_basic, uniq_edmund
D:6:      cheibrodos_helix_gallery, layout_rooms,
          minmay_temple_entry_proselytizer
D:7:      layout_loops_ring, tgw_sif, kennysheep_little_box,
          minmay_crystal_room, grunt_livestock
D:8:      layout_rooms, fiery_altar_vehumet, uniq_prince_ribbit1
D:9:      layout_small_grid, grunt_dithmenos_smoke_and_mirrors,
          dpeg_lair_monsters, serial_bayou, serial_bayou_crossing,
          serial_bayou_pond_c, serial_bayou_pond_c, serial_bayou_ford_a,
          serial_shops, shop
D:10:     layout_loops_cross, bloody_trog
D:11:     hangedman_cross_cluster, layout_cave_pools
D:12:     layout_rooms, grunt_ministairs_2
D:13:     layout_roguey, skrybe_vaults_entry_preservation,
          minmay_gold_behind_fungi, uniq_rupert
D:14:     layout_basic, minmay_misc_feat_tiny, drop_trap
D:15:     hangedman_depths_entry_try_elsewhere_first, layout_cave_pods,
          small_statue_intersection, minmay_misc_feat_tower
Temple:   nicolae_temple_x_marks_the_god
Lair:1:   layout_loops_ring, grunt_forest_stairs_basic, beast_lair_carwin_3,
          lemuel_fruit_tree, grunt_megastairs_3
Lair:2:   layout_chaotic_city
Lair:3:   layout_big_grid, elwin_shoals_entry_rooms, beast_lair_carwin_7
Lair:4:   gammafunk_mikee_crab_dinner, layout_big_grid,
          guppyfry_snake_entry_island, gammafunk_ghost_cemetery
Lair:5:   statuecave_lemuel, layout_concentric_octagons,
          nicolae_slime_entry_slimehenge, ebering_ghost_funeral_grove,
          uniq_nessos, uniq_sonja
Lair:6:   gammafunk_lair_ancient_temple, layout_misc_corridors,
          minmay_hedge_maze
Shoals:1: layout_shoals, nicolae_shoals_mertower
Shoals:2: layout_shoals, uniq_ilsuiw
Shoals:3: layout_shoals, yaktaur_hedge
Shoals:4: shoals_end_grunt_ice, layout_shoals, minmay_shop_enchanted_jewellery,
          overgrown_tower
Snake:1:  layout_gridlike
Snake:2:  layout_onion_interference, gammafunk_ghost_abyssal_escape,
          uniq_vashnia
Snake:3:  layout_grid_maze, basic_altar
Snake:4:  snake_pit, layout_gridlike, nicolae_snake_squiggles,
          grunt_megastairs_2, serial_bayou_shore_b, serial_bayou_shore_b,
          minmay_shop_grove
Slime:1:  layout_caves, cheibrodos_slime_lost_civilization_7
Slime:2:  layout_caves
Slime:3:  layout_caves, nicolae_slime_barrier
Slime:4:  cheibrodos_slime_lost_civilization_8, layout_caves
Slime:5
Orc:1:    layout_caves
Orc:2:    grunt_orc_community_town_hall, layout_caves,
          grunt_orc_community_big_house_2, grunt_orc_community_big_house_1,
          grunt_orc_community_house_3, grunt_orc_community_house_1,
          grunt_orc_community_house_3, grunt_orc_community_house_1, basic_altar,
          enter_volcano_4, uniq_snorg
Vaults:1: hangedman_vaults_variations, nicolae_vaults_yaktaur_gun_rack,
          nicolae_vaults_network_periphery, vaults_mumra_hexcomb, v_misc_23,
          vaults_standard_mumra_lines, hangedman_vaults_corner_blocks,
          nicolae_vaults_little_ls, nicolae_vaults_little_squares_1,
          st_more_cells, serial_ice_g, layout_vaults_omnigrid

Skill      XL: |  1  2  3  4  5  6  7  8  9 10 11 12 13 14 15 16 17 18 |
---------------+-------------------------------------------------------+-----
Fighting       | 3 4 5 6 8 7 9 10 11 12 13 14 15 | 15.2
Unarmed Combat | 3 4 5 7 7 10 11 12 13 14 15 16 17 | 17.5
Dodging        | 3 4 6 7 8 9 10 11 | 11.3
Shields        | 3 4 5 6 7 8 9 10 11 | 11.2

Action                   |  1- 3 |  4- 6 |  7- 9 | 10-12 | 13-15 | 16-18 || total
-------------------------+-------+-------+-------+-------+-------+-------++-------
Melee: Unarmed           |    83 |   186 |   534 |   830 |  1333 |  1152 ||  4118
Invok: Sacrifice Experie |       |       |     1 |       |       |       ||     1
       Draw Out Power    |       |       |     1 |     1 |     1 |     4 ||     7
       Sacrifice Skill   |       |       |     1 |       |       |       ||     1
       Power Leap        |       |       |       |     3 |     3 |     2 ||     8
       Sacrifice Purity  |       |       |       |     1 |       |       ||     1
       Apocalypse        |       |       |       |     2 |     8 |    11 ||    21
       Sacrifice Stealth |       |       |       |     1 |       |       ||     1
       Sacrifice Love    |       |       |       |       |     1 |       ||     1
       Sacrifice Arcana  |       |       |       |       |     1 |       ||     1
  Use: Scroll            |       |       |    22 |    10 |     9 |     9 ||    50
       Potion            |       |       |     1 |       |     1 |     6 ||     8
 Stab: Sleeping          |     1 |       |       |     1 |       |       ||     2
       Distracted        |       |       |     1 |     3 |     1 |     4 ||     9
       Invisible         |       |       |     1 |     4 |    10 |    11 ||    26
       Paralysed         |       |       |       |     1 |    11 |    27 ||    39
  Eat: Chunk             |    14 |    21 |    36 |    65 |    82 |    27 ||   245
       Ration            |     1 |       |       |       |       |    11 ||    12
Armor: Robe              |    22 |    56 |    81 |    30 |       |    33 ||   222
       Troll leather arm |       |       |       |    78 |    62 |    11 ||   151
Dodge: Dodged            |    26 |    64 |   148 |   239 |   380 |   469 ||  1326
Block: Kite shield       |    40 |    96 |   145 |       |       |       ||   281
       Tower shield      |       |       |   174 |   806 |  1172 |  1260 ||  3412

Table legend:
 A = Non-vault XP
 B = Vault XP
 C = Vault XP percentage of total XP
 D = Non-vault monster count
 E = Vault monster count
 F = Vault count percentage of total count
                 A         B        C        D         E       F
            +---------+---------+-------+---------+---------+-------
      Total |  220013 |  111806 |  33.7 |     815 |     289 |  26.2
            +---------+---------+-------+---------+---------+-------
        D:1 |      23 |       3 |  11.5 |      14 |       2 |  12.5
        D:2 |     103 |       0 |   0.0 |      21 |       0 |   0.0
        D:3 |     169 |       0 |   0.0 |      20 |       0 |   0.0
        D:4 |     248 |       0 |   0.0 |       7 |       0 |   0.0
        D:5 |     339 |     293 |  46.4 |      19 |      22 |  53.7
        D:6 |     606 |      41 |   6.3 |      15 |       1 |   6.2
        D:7 |    1037 |     979 |  48.6 |      22 |       5 |  18.5
        D:8 |    1675 |     283 |  14.5 |      28 |       1 |   3.4
        D:9 |    2268 |    2572 |  53.1 |      32 |       5 |  13.5
       D:10 |    3320 |       0 |   0.0 |      46 |       0 |   0.0
       D:11 |    3194 |    3355 |  51.2 |      29 |      25 |  46.3
       D:12 |    6553 |     141 |   2.1 |      48 |       2 |   4.0
       D:13 |    7567 |    5346 |  41.4 |      23 |      10 |  30.3
       D:14 |    6599 |       0 |   0.0 |      19 |       0 |   0.0
       D:15 |    6431 |    3640 |  36.1 |      21 |       4 |  16.0
     Lair:1 |    5978 |     960 |  13.8 |      19 |       5 |  20.8
     Lair:2 |     684 |       0 |   0.0 |       3 |       0 |   0.0
     Lair:3 |    6512 |     994 |  13.2 |      24 |       6 |  20.0
     Lair:4 |    3914 |     329 |   7.8 |      20 |       2 |   9.1
     Lair:5 |    6857 |    1345 |  16.4 |      22 |       6 |  21.4
     Lair:6 |    6223 |    9291 |  59.9 |      13 |      26 |  66.7
   Shoals:1 |    8702 |    2645 |  23.3 |      22 |       4 |  15.4
   Shoals:2 |   11708 |       0 |   0.0 |      22 |       0 |   0.0
   Shoals:3 |   11705 |       0 |   0.0 |      21 |       0 |   0.0
   Shoals:4 |   16597 |   19162 |  53.6 |      37 |      36 |  49.3
    Snake:1 |   11475 |       0 |   0.0 |      25 |       0 |   0.0
    Snake:2 |    3994 |       0 |   0.0 |       7 |       0 |   0.0
    Snake:3 |    8043 |       0 |   0.0 |      16 |       0 |   0.0
    Snake:4 |   23546 |   32075 |  57.7 |      45 |      51 |  53.1
    Slime:1 |    7940 |       0 |   0.0 |      12 |       0 |   0.0
    Slime:2 |   15038 |       0 |   0.0 |      22 |       0 |   0.0
    Slime:4 |    6881 |    6918 |  50.1 |      11 |       3 |  21.4
    Slime:5 |    3653 |    8669 |  70.4 |       9 |       7 |  43.8
      Orc:1 |    4513 |       0 |   0.0 |      49 |       0 |   0.0
      Orc:2 |    4253 |   12432 |  74.5 |      32 |      65 |  67.0
   Vaults:1 |   11665 |     333 |   2.8 |      20 |       1 |   4.8
            +---------+---------+-------+---------+---------+-------
